 Dungeon Crawl Stone Soup version 0.30-a0-595-g91969c0fa5 (webtiles) character file.

Game seed: 7536945571766974622

44 Leeroy the Insei (level 3, -1/26 HPs)
             Began as a Merfolk Transmuter on Jan 6, 2023.
             Slain by a goblin
             ... wielding a +0 dagger
             ... led by Robin
              (3 damage)
             ... on level 2 of the Dungeon.
             The game lasted 00:01:26 (1179 turns).

Leeroy the Insei (Merfolk Transmuter)               Turns: 1179, Time: 00:01:27

Health: -1/26      AC:  2    Str: 10    XL:     3   Next: 60%
Magic:  6/6        EV: 12    Int: 14    God:
Gold:   85         SH:  0    Dex: 14    Spells: 5/6 levels left

rFire   . . .      SeeInvis .      - Unarmed
rCold   . . .      Faith    .    (no shield)
rNeg    . . .      Spirit   .    a - +0 robe
rPois   .          Reflect  .    (helmet currently unavailable)
rElec   .          Harm     .    (no cloak)
rCorr   .          Rampage  .    (no gloves)
Will    .....                    (boots currently unavailable)
Stlth   +                        (no amulet)
HPRegen 0.24/turn                (no ring)
MPRegen 0.10/turn                (no ring)

@: appendages (expiring)
A: horns 2, (nimble swimmer 2), mertail
a: End Transformation


You were on level 2 of the Dungeon.
You had temporarily grown beastly horns.
You visited 1 branch of the dungeon, and saw 3 of its levels.

You collected 85 gold pieces.

Inventory:

Missiles
 e - 5 poisoned darts
 l - 4 atropa-tipped darts
Armour
 a - a +0 robe (worn)
 c - a +0 pair of boots (melded)
 g - a +0 pair of gloves
Scrolls
 d - 2 scrolls of identify {unknown}
 f - 2 scrolls of poison {unknown}
 i - a scroll of vulnerability {unknown}
Potions
 b - a potion of lignification
 h - 2 potions of resistance {unknown}
 j - 2 potions of heal wounds {unknown}
 k - a potion of might {unknown}


   Skills:
 - Level 1.1 Fighting
 - Level 2.6 Dodging
 + Level 5.0 Unarmed Combat
 - Level 2.0 Spellcasting
 - Level 2.6 Transmutations


You had 5 spell levels left.
You knew the following spells:

 Your Spells              Type           Power      Damage    Failure   Level
a - Beastly Appendage     Tmut           16%        N/A       8%          1

Your spell library contained the following spells:

 Spells                   Type           Power      Damage    Failure   Level
 Wereblood                Tmut           8%         N/A       12%         2
 Summon Small Mammal      Summ           4%         N/A       24%         1
 Cigotuvi's Dreadful Rot  Necr/Pois/Air  2%         N/A       34%         2
 Poisonous Vapours        Pois/Air       2%         N/A       34%         2
 Static Discharge         Conj/Air       2%         2-3/arc   34%         2
 Spider Form              Tmut/Pois      5%         N/A       38%         3
 Call Canine Familiar     Summ           1%         N/A       56%         3
 Hailstorm                Conj/Ice       1%         3d3       56%         3
 Mephitic Cloud           Conj/Pois/Air  1%         N/A       56%         3
 Summon Guardian Golem    Hex/Summ       1%         N/A       56%         3
 Vhi's Electric Charge    Tloc/Air       2%         N/A       56%         3
 Ice Form                 Ice/Tmut       5%         N/A       80%         4
 Arcjolt                  Conj/Air       0%         1d10      100%        5
 Lightning Bolt           Conj/Air       0%         1d11      100%        5
 Simulacrum               Ice/Necr       0%         N/A       100%        6


Dungeon Overview and Level Annotations

Branches:
Dungeon (3/15)

Altars:

Annotations:
D:2 Sigmund


Innate Abilities, Weirdness & Mutations

You have temporarily grown beastly horns.
((You are very nimble when in or above water. (Stealth+, EV+, Speed+++)))
Your lower body shifts to a powerful aquatic tail in water.


Message History

Confirm with . or Enter, or press ? or * to list all spells.
You grow a pair of large bovine horns.
Your +0 pair of boots melds into your body.
Robin barely misses you.
You hit Robin but do no damage.
Robin is moderately wounded.
Robin hits you with a +0 short sword.
You hit Robin. Your headbutt misses Robin.
Robin is moderately wounded.
Robin hits you with a +0 short sword.
You hit Robin but do no damage.
Robin is moderately wounded.
Robin closely misses you.
You closely miss Robin. You headbutt Robin, but do no damage.
Robin is moderately wounded.
Robin throws the goblin at you! The goblin closely misses you.
You hit Robin.
Robin is heavily wounded.
Robin hits you but does no damage. The goblin barely misses you.
You closely miss Robin. You headbutt Robin.
Robin is severely wounded.
Your transformation is almost over.
Robin hits you with a +0 short sword.
* * * LOW HITPOINT WARNING * * *
The goblin barely misses you.
You hit Robin but do no damage. You headbutt Robin.
You kill Robin!
The goblin barely misses you.
Your Unarmed Combat skill increases to level 5!
You hit the goblin.
The goblin is moderately wounded.
The goblin completely misses you.
You hit the goblin but do no damage. Your headbutt misses the goblin.
The goblin is moderately wounded.
The goblin hits you with a +0 dagger.
* * * LOW HITPOINT WARNING * * *
You closely miss the goblin.
The goblin is moderately wounded.
The goblin hits you with a +0 dagger.
You die...

_..8#
#.##).....####
....#
#.##.........##
....#
#.##...........
8...#
#.##.........#.
....#
#.#####.#.####
....#####.#
#...#
♣..∩......#
#...#
.....######
##g## ...)##
#@# ♣...# #)#
....# #)# ....#
#.# ♣..∩# #.#
.###########
#.#
...........#
#.#
##########.#
#.# #.# #..


You could see a goblin (strong).

Vanquished Creatures
  Robin (D:2)
  A worm (D:2)
  2 endoplasms
  5 giant cockroaches (D:1)
  8 goblins
  2 hobgoblins (D:2)
  A quokka (D:1)
  2 ball pythons
  A bat (D:2)
  2 kobolds (D:1)
  3 rats
28 creatures vanquished.

Notes
Turn   | Place    | Note
-------+----------+-------------------------------------------
     0 | D:1      | Leeroy the Merfolk Transmuter began the quest for the Orb.
     0 | D:1      | Reached XP level 1. HP: 15/15 MP: 3/3
   291 | D:1      | Reached XP level 2. HP: 13/21 MP: 3/5
   408 | D:1      | Reached skill level 4 in Unarmed Combat
  1100 | D:2      | Found a faded altar of an unknown god.
  1100 | D:2      | Noticed Sigmund
  1122 | D:2      | Reached XP level 3. HP: 26/26 MP: 4/6
  1147 | D:2      | Noticed Robin
  1176 | D:2      | Killed Robin
  1177 | D:2      | Reached skill level 5 in Unarmed Combat
  1179 | D:2      | Slain by a goblin

Illustrated notes

Levels and vault maps discovered:
D:1:      minmay_arrival_loop, layout_basic
D:2:      layout_loops_ring, hellmonk_ecumenical_altar_arch_garden,
          minmay_misc_feat_cross, uniq_robin, uniq_sigmund
D:3:      layout_rooms, grunt_decor_clamped, minmay_fractal_squares_gapless_5

Skill      XL: |  1  2  3 |
---------------+----------+-----
Unarmed Combat | 4 5 |  5.0
Fighting       | |  1.1
Dodging        | |  2.6
Spellcasting   | |  2.0
Transmutations | |  2.6

Action                   || total
-------------------------++-------
Melee: Unarmed           ||    78
       Headbutt          ||    12
 Cast: Beastly Appendage ||    12
Armor: Robe              ||    20
Dodge: Dodged            ||    46

Table legend: (Time is in decaauts)
 A = Elapsed time spent in this place.
 B = Non-inter-level travel time spent in this place.
 C = Inter-level travel time spent in this place.
 D = Time resting spent in this place.
 E = Time spent auto-exploring this place.
 F = Levels seen in this place.
 G = Mean time per level.
                   A        B        C        D        E       F      G
               +--------+--------+--------+--------+--------+-----+--------+
         Total |   1173 |   1121 |     52 |     55 |    844 |   3 |  391.0 |
       Dungeon |   1173 |   1121 |     52 |     55 |    844 |   3 |  391.0 |
               +--------+--------+--------+--------+--------+-----+--------+

Top non-repeatable levels by time:
     D:1: 824 daAuts
     D:2: 291 daAuts
     D:3: 56 daAuts
